 Dungeon Crawl Stone Soup version 0.19.0-22-gd96e5fe (webtiles) character file.

44 Mesmaeker13 the Charmwright (level 3, 0/27 HPs)
             Began as a Demonspawn Skald on Nov 18, 2016.
             Slain by a worm (7 damage)
             ... on level 2 of the Dungeon.
             The game lasted 00:02:29 (1002 turns).

Mesmaeker13 the Charmwright (Demonspawn Skald)      Turns: 1002, Time: 00:02:29

Health: 0/27       AC:  3    Str: 12    XL:     3   Next: 39%
Magic:  2/7        EV: 11    Int: 14    God:
Gold:   48         SH:  0    Dex: 12    Spells: 2 memorised, 4 levels left

rFire  . . .     SeeInvis .     a - +0 hand axe
rCold  . . .     Gourm    .     b - +0 leather armour
rNeg   . . .     Faith    .     (no shield)
rPois  .         Spirit   .     (helmet restricted)
rElec  .         Reflect  .     (no cloak)
rCorr  .         Harm     .     (no gloves)
MR     .....                    (no boots)
Stlth  ++........               (no amulet)
                                (no ring)
                                (no ring)

@: infused
A: antennae 1, nightstalker 1
a: no special abilities


You were on level 2 of the Dungeon.
You were not hungry.

You visited 1 branch of the dungeon, and saw 2 of its levels.

You collected 48 gold pieces.

Inventory:

Hand Weapons
 a - a +0 hand axe (weapon)
Missiles
 i - 14 poisoned needles
Armour
 b - a +0 leather armour (worn)
Scrolls
 g - a scroll of remove curse
 j - a scroll of magic mapping {unknown}
 m - a scroll of teleportation {unknown}
 n - a scroll of immolation {unknown}
Potions
 e - a potion of curing {unknown}
 h - a potion of invisibility {unknown}
 l - 2 potions of agility
Books
 c - a book of Battle

   Spells                             Type                      Level
   a - Infusion                       Charms                       1
   b - Shroud of Golubria             Charms/Translocation         2
   c - Song of Slaying                Charms                       2
   d - Spectral Weapon                Hexes/Charms                 3
   e - Regeneration                   Charms/Necromancy            3
Comestibles
 d - 6 bread rations
 f - 2 chunks of flesh
 k - 3 fruits
 o - a slice of pizza


   Skills:
 - Level 2.0 Fighting
 + Level 2.2 Axes
 - Level 0.8 Armour
 - Level 0.8 Dodging
 + Level 2.9 Spellcasting
 + Level 3.1 Charms


You had 4 spell levels left.
You knew the following spells:

 Your Spells              Type           Power        Failure   Level  Hunger
a - Infusion              Chrm           ##..         10%         1    #......
b - Song of Slaying       Chrm           ##......     14%         2    ##.....


Dungeon Overview and Level Annotations

Branches:
Dungeon (2/15)

Altars:


Innate Abilities, Weirdness & Mutations

You have a pair of small antennae on your head.
You are slightly more attuned to the shadows.


Message History

The worm barely misses you.
You hit the worm.
The worm is heavily wounded.
You hit the worm.
The worm is heavily wounded.
The worm barely misses you.
You hit the worm!
The worm is almost dead.
The worm bites you!
You barely miss the worm.
The worm is almost dead.
The worm bites you!
* * * LOW HITPOINT WARNING * * *
You are too injured to fight recklessly!
You barely miss the worm.
The worm is almost dead.
You barely miss the worm.
The worm is almost dead.
The worm bites you!
You die...

........##.......#
.........#.<.....#
.........#.......#
...................
........############
........##.........####
######................
#..........w..#
#........##@#####
##........+......#
#.........##.###.#
#......<..+....#.#
####.........#......#
#.......##+###..#.###
#.......##.# #..#.#
#.......##.###....#
#.......##......#####


You could see a worm.

Vanquished Creatures
  A worm (D:2)
  A dart slug (D:1)
  A leopard gecko (D:1)
  2 giant cockroaches (D:1)
  4 goblins
  6 hobgoblins
  3 jackals (D:1)
  5 kobolds
  5 bats
  A frilled lizard (D:1)
  3 rats
32 creatures vanquished.

Notes
Turn   | Place    | Note
-------+----------+-------------------------------------------
     0 | D:1      | Mesmaeker13 the Demonspawn Skald began the quest for the Orb.
     0 | D:1      | Reached XP level 1. HP: 16/16 MP: 3/3
   203 | D:1      | Gained mutation: You have a pair of small antennae on your head. [demonic ancestry]
   203 | D:1      | Reached XP level 2. HP: 10/22 MP: 3/5
   695 | D:1      | Reached skill level 3 in Charms
   695 | D:1      | Gained mutation: You are slightly more attuned to the shadows. [demonic ancestry]
   695 | D:1      | Reached XP level 3. HP: 27/27 MP: 4/7
   801 | D:2      | Learned a level 2 spell: Song of Slaying
  1002 | D:2      | Slain by a worm

Skill      XL: |  1  2 |
---------------+-------+-----
Axes           | 2 |  2.2
Charms         | 3 |  3.1
Fighting       | |  2.0
Armour         | |  0.8
Dodging        | |  0.8
Spellcasting   | |  2.9

Action                   || total
-------------------------++-------
Melee: Hand axe          ||   109
 Cast: Infusion          ||    12
  Use: Scroll            ||     2
  Eat: Chunk             ||     1
Armor: Leather armour    ||    27
Dodge: Dodged            ||    61
